 Dungeon Crawl Stone Soup version 0.18.1-50-g88ac8fd (webtiles) character file.

58 Ebilmort the Firebug (level 4, -6/27 HPs)
             Began as an Octopode Fire Elementalist on Sept 30, 2016.
             Mangled by Purgy (9 damage)
             ... in a sewer.
             The game lasted 00:11:40 (1510 turns).

Ebilmort the Firebug (Octopode Fire Elementalist)   Turns: 1510, Time: 00:11:41

Health: -6/27      AC:  1    Str:  7    XL:     4   Next: 1%
Magic:  0/7        EV: 12    Int: 18    God:
Gold:   89         SH:  0    Dex: 12    Spells: 3 memorised, 2 levels left

rFire  . . .     SeeInvis .     n - -3 short sword (curse)
rCold  . . .     Gourm    .     (no shield)
rNeg   . . .     Faith    .     (helmet restricted)
rPois  .         Spirit   .     (no amulet)
rElec  .         Dismiss  .     (no ring)
rCorr  .         Reflect  .     (no ring)
SustAt .         Harm     .     (no ring)
MR     .....                    (no ring)
Stlth  +++.......               (no ring)
                                (no ring)
                                (no ring)
                                (no ring)

@: not resistant to hostile enchantments, fairly stealthy
A: almost no armour, amphibious, 8 rings, constrict 8, camouflage 1, gelatinous
body 1
a: no special abilities


You were in a sewer.
You were not hungry.

You visited 1 branch of the dungeon, and saw 3 of its levels.
You also visited: Sewer.

You collected 89 gold pieces.

Inventory:

Hand Weapons
 n - a cursed -3 short sword (weapon)
Magical Staves
 i - an uncursed staff of cold
Scrolls
 h - a scroll of magic mapping {unknown}
 j - a scroll of enchant armour {unknown}
 k - a scroll of remove curse {unknown}
 l - a scroll of teleportation {unknown}
Potions
 e - 3 potions of heal wounds {unknown}
 g - 2 potions of invisibility {unknown}
 o - a potion of flight {unknown}
 p - a potion of mutation {unknown}
Books
 a - a book of Flames

   Spells                             Type                      Level
   a - Flame Tongue                   Conjuration/Fire             1
   b - Throw Flame                    Conjuration/Fire             2
   c - Conjure Flame                  Conjuration/Fire             3
   d - Inner Flame                    Hexes/Fire                   3
   e - Sticky Flame                   Conjuration/Fire             4
   f - Fireball                       Conjuration/Fire             5
 f - a book of the Earth

   Spells                             Type                      Level
   a - Leda's Liquefaction            Hexes/Earth                  4
   b - Bolt of Magma                  Conjuration/Fire/Earth       5
   c - Statue Form                    Transmutation/Earth          6
   d - Iron Shot                      Conjuration/Earth            6
   e - Shatter                        Earth                        9
Comestibles
 b - a bread ration
 d - a beef jerky
 m - 5 fruits
 q - 2 chunks of flesh


   Skills:
 - Level 2.0 Dodging
 - Level 2.6 Stealth
 + Level 2.6 Spellcasting
 + Level 2.0 Conjurations
 * Level 3.9 Fire Magic


You had 2 spell levels left.
You knew the following spells:

 Your Spells              Type           Power        Failure   Level  Hunger
a - Flame Tongue          Conj/Fire      ##...        6%          1    #......
b - Throw Flame           Conj/Fire      ##....       10%         2    ##.....
c - Conjure Flame         Conj/Fire      ##......     17%         3    ###....


Dungeon Overview and Level Annotations

Branches:
Dungeon (3/15)

Altars:
Kikubaaqudgha

Annotations:
D:3 ayyllmao's ghost, amateur HOFi Sewer Gottschkopf's ghost, amateur DEAE; Purgy


Innate Abilities, Weirdness & Mutations

You cannot wear most types of armour.
You are amphibious.
You can wear up to eight rings at the same time.
You can use your tentacles to constrict eight enemies at once.
Your skin changes colour to match your surroundings (Stealth).
Your rubbery body absorbs attacks (AC +1).


Message History

Purgy is severely wounded.
Purgy bites you. Purgy misses you. Purgy claws you.
You barely miss Purgy.
Purgy is severely wounded.
Purgy bites you. Purgy barely misses you. Purgy misses you.
You barely miss Purgy.
Purgy is severely wounded.
Purgy closely misses you. Purgy claws you.
* * * LOW HITPOINT WARNING * * *
Purgy claws you.
* * * LOW HITPOINT WARNING * * *
You barely miss Purgy.
Purgy is severely wounded.
Purgy bites you.
* * * LOW HITPOINT WARNING * * *
Purgy barely misses you. Purgy closely misses you.
You hit Purgy.
Purgy is almost dead.
Purgy bites you!
You die...

####.≈≈≈.####
####.≈≈≈.####
#[.'.≈≈≈.'..#
####.≈≈≈.####
####.≈≈≈.####
#∩.(..∩..'((#
####.≈≈≈.####
####.≈≈≈.####
#..'(≈≈≈.'T@#
####.≈≈≈.####
####.≈≈≈.####
#?.'.≈≈≈.'..#
####.≈≈≈.####
####.≈≈≈.####
#..'.≈≈≈.†..#
#############
#≈≈≈#


You could see Purgy.

Vanquished Creatures
  An adder (D:2)
  2 dart slugs
  A giant gecko (D:3)
  2 bats
  4 giant cockroaches
  7 goblins (D:1)
  4 hobgoblins
  5 jackals
  A giant newt (D:1)
  8 kobolds
  3 rats (D:1)
38 creatures vanquished.

Notes
Turn   | Place    | Note
--------------------------------------------------------------
     0 | D:1      | Ebilmort the Octopode Fire Elementalist began the quest for the Orb.
     0 | D:1      | Reached XP level 1. HP: 11/11 MP: 3/3
   172 | D:1      | Reached XP level 2. HP: 15/17 MP: 0/5
   640 | D:1      | Reached XP level 3. HP: 13/21 MP: 0/6
   784 | D:1      | Learned a level 2 spell: Throw Flame
   788 | D:1      | Learned a level 3 spell: Conjure Flame
   943 | D:2      | Found an ancient bone altar of Kikubaaqudgha.
  1141 | D:3      | Noticed ayyllmao's ghost (amateur HOFi)
  1349 | D:3      | Found a glowing drain.
  1357 | Sewer    | Entered a sewer
  1396 | Sewer    | Noticed Purgy
  1423 | Sewer    | Noticed Gottschkopf's ghost (amateur DEAE)
  1431 | Sewer    | Reached XP level 4. HP: 27/27 MP: 5/7
  1510 | Sewer    | Mangled by Purgy

Skill      XL: |  1  2  3 |
---------------+----------+-----
Conjurations   | 2 |  2.0
Dodging        | |  2.0
Stealth        | |  2.6
Spellcasting   | |  2.6
Fire Magic     | |  3.9

Action                   |  1- 3 |  4- 6 || total
-------------------------+-------+-------++-------
Melee: Unarmed           |    11 |       ||    11
       Constrict         |     3 |       ||     3
       Short sword       |       |     6 ||     6
       Tentacles         |       |     1 ||     1
 Cast: Flame Tongue      |    62 |     9 ||    71
  Use: Potion            |       |     3 ||     3
  Eat: Chunk             |     2 |       ||     2
Armor: Skin              |     4 |     3 ||     7
Dodge: Dodged            |    29 |    22 ||    51
